 Dungeon Crawl Stone Soup version 0.29-a0-1023-g6ae1a4a2c7 (webtiles) character file.

Game seed: 12126465213883346530

87 Newt the Cudgeller (level 4, -7/35 HPs)
             Began as a Draconian Artificer on Aug 11, 2022.
             Killed from afar by Sigmund (9 damage)
             ... with a puff of flame
             ... on level 3 of the Dungeon.
             The game lasted 00:04:41 (2794 turns).

Newt the Cudgeller (Draconian Artificer)            Turns: 2794, Time: 00:04:41

Health: -7/35      AC:  5    Str: 16    XL:     4   Next: 28%
Magic:  4/4        EV: 12    Int: 12    God:
Gold:   137        SH:  0    Dex: 17    Spells: 3/3 levels left

rFire   . . .      SeeInvis .   a - +0 club
rCold   . . .      Faith    .   (no shield)
rNeg    . . .      Spirit   .   (body armour unavailable)
rPois   .          Reflect  .   (helmet restricted)
rElec   .          Harm     .   (no cloak)
rCorr   .          Rampage  .   (no gloves)
Will    .....                   (no boots)
Stlth   ++........              (no amulet)
HPRegen 0.11/turn               e - +6 ring of dexterity
MPRegen 0.09/turn               (no ring)

@: no status effects
A: AC +5, unfitting armour, cold-blooded
a: no special abilities


You were on level 3 of the Dungeon.
You visited 1 branch of the dungeon, and saw 3 of its levels.

You collected 137 gold pieces.

Inventory:

Hand Weapons
 a - a +0 club (weapon)
Jewellery
 e - a +6 ring of dexterity (left hand)
Wands
 c - a wand of charming (12)
 d - a wand of iceblast (7)
Scrolls
 i - a scroll of immolation
 l - a scroll of amnesia {unknown}
 n - a scroll of enchant weapon {unknown}
Potions
 f - a potion of flight
 g - a potion of might
 h - a potion of degeneration
 j - a potion of mutation {unknown}
 k - a potion of curing {unknown}


   Skills:
 - Level 1.1 Fighting
 * Level 4.0 Maces & Flails
 - Level 2.1 Dodging
 - Level 0.8 Stealth
 - Level 3.0 Evocations


You had 3 spell levels left.
You didn't know any spells.
Your spell library was empty.

Dungeon Overview and Level Annotations

Branches:
Dungeon (3/15)

Altars:

Annotations:
D:3 Sigmund


Innate Abilities, Weirdness & Mutations

Your plain brown scales are hard. (AC +5)
You cannot fit into any form of body armour.
You are cold-blooded and may be slowed by cold attacks.


Message History

The adder attacks as you move away! The adder completely misses you.
Unknown command.
You hit the adder.
The adder is almost dead.
The adder closely misses you. The adder barely misses you.
Sigmund hits you from afar with a +0 scythe.
The adder attacks as you move away! The adder closely misses you.
You hit the adder but do no damage.
The adder is almost dead.
The adder closely misses you. The adder misses you.
You barely miss the adder.
Your tail-slap misses the adder.
The adder is almost dead.
Sigmund hits you from afar with a +0 scythe!
* * * LOW HITPOINT WARNING * * *
The adder closely misses you.
Unknown command.
Aiming: Charm
Press: ? - help, Q - select action, (/) - cycle Shift-Dir - straight line, f - adder
Aim: an adder (almost dead, chance to affect: 65%)
The adder struggles to resist.
The adder barely misses you. Sigmund closely misses you.
Unknown command.
Aiming: Charm
Press: ? - help, Q - select action, (/) - cycle Shift-Dir - straight line, f/p - adder
Aim: an adder (almost dead, chance to affect: 65%)
The adder is charmed.
Unknown command.
What are your orders? t - Shout!
Orders for allies: a - Attack new target. p - Attack previous target. r - Retreat! s - Stop attacking. g - Guard the area. f - Follow me.
Anything else - Cancel.
Guard this area!
Your adder misses Sigmund.
Sigmund hits you from afar with a +0 scythe!
* * * LOW HITPOINT WARNING * * *
Your adder barely misses Sigmund.
Sigmund points at you and mumbles some strange words.
The puff of flame misses your adder. The puff of flame hits you!
You die...

#################
#.@..............
#..##...#....####
#S###...#....#
#@###..##....#####
#......###.......[#
#))...## #..[#....#
#†..### #...#....#
#)### ##..# ...#
#.) #..####.#


You could see Sigmund (ally target) and a friendly adder (charmed).

Vanquished Creatures
  An adder (D:2)
  5 worms
  2 dart slugs (D:3)
  3 orcs (D:3)
  A ball python (D:1)
  5 bats
  3 endoplasms (D:1)
  4 giant cockroaches
  5 goblins
  8 hobgoblins
  2 jackals (D:3)
  2 quokkas (D:1)
  4 frilled lizards
  3 kobolds
  3 rats
51 creatures vanquished.

Vanquished Creatures (collateral kills)
  An endoplasm (D:3)
1 creature vanquished.

Grand Total: 52 creatures vanquished

Notes
Turn   | Place    | Note
-------+----------+-------------------------------------------
     0 | D:1      | Newt the Draconian Artificer began the quest for the Orb.
     0 | D:1      | Reached XP level 1. HP: 16/16 MP: 1/1
    72 | D:1      | Reached skill level 1 in Maces & Flails
   326 | D:1      | Reached XP level 2. HP: 23/23 MP: 2/2
   425 | D:1      | Reached skill level 2 in Maces & Flails
  1019 | D:1      | Found a faded altar of an unknown god.
  1125 | D:2      | Reached XP level 3. HP: 19/28 MP: 3/3
  1538 | D:2      | Reached skill level 3 in Maces & Flails
  2414 | D:3      | Reached XP level 4. HP: 17/35 MP: 4/4
  2734 | D:3      | Reached skill level 4 in Maces & Flails
  2757 | D:3      | Noticed Sigmund
  2794 | D:3      | Killed from afar by Sigmund

Illustrated notes

Levels and vault maps discovered:
D:1:      dpeg_arrival_long_road, layout_loops_ring,
          shapermc_ecumenical_altar_hornbeckon, st_stairs_13
D:2:      layout_basic
D:3:      minmay_recursive_quarters, layout_basic, hangedman_ru_absence,
          uniq_sigmund

Skill      XL: |  1  2  3  4 |
---------------+-------------+-----
Maces & Flails | 1 2 3 4 |  4.0
Fighting       | |  1.1
Dodging        | |  2.1
Stealth        | |  0.8
Evocations     | |  3.0

Action                   |  1- 3 |  4- 6 || total
-------------------------+-------+-------++-------
Melee: Club              |   155 |    26 ||   181
       Tailslap          |    19 |     5 ||    24
       Punch             |     2 |       ||     2
Evoke: Wand              |    10 |    10 ||    20
  Use: Scroll            |     5 |       ||     5
 Stab: Sleeping          |     3 |       ||     3
Armor: Skin              |    45 |     8 ||    53
Dodge: Dodged            |   104 |    18 ||   122

Table legend: (Time is in decaauts)
 A = Elapsed time spent in this place.
 B = Non-inter-level travel time spent in this place.
 C = Inter-level travel time spent in this place.
 D = Time resting spent in this place.
 E = Time spent auto-exploring this place.
 F = Levels seen in this place.
 G = Mean time per level.
                   A        B        C        D        E       F      G
               +--------+--------+--------+--------+--------+-----+--------+
         Total |   2830 |   2745 |     85 |    300 |   2037 |   3 |  943.3 |
       Dungeon |   2830 |   2745 |     85 |    300 |   2037 |   3 |  943.3 |
               +--------+--------+--------+--------+--------+-----+--------+

Top non-repeatable levels by time:
     D:2: 1225 daAuts
     D:1: 1104 daAuts
     D:3: 499 daAuts
